 Dungeon Crawl Stone Soup version 0.30-a0-989-g0d87f670db (webtiles) character file.

Game seed: 13231876357217412145

4433 leviel the Cleaver (level 10, 0/91 HPs)
             Began as a Hill Orc Fighter on Apr 4, 2023.
             Was an Elder of Okawaru.
             Slain by Snorg (11 damage)
             ... on level 10 of the Dungeon.
             The game lasted 00:10:47 (9097 turns).

leviel the Cleaver (Hill Orc Fighter)               Turns: 9097, Time: 00:10:47

Health: 0/91       AC: 15    Str: 24    XL:     10   Next: 36%
Magic:  10/10      EV:  9    Int:  8    God:    Okawaru [****..]
Gold:   630        SH:  6    Dex: 16    Spells: 9/9 levels left

rFire   . . .      SeeInvis .    z - +4 war axe
rCold   . . .      Faith    +    c - +0 buckler
rNeg    + . .      Spirit   .    b - +0 scale mail
rPois   +          Reflect  .    (no helmet)
rElec   .          Rampage  .    u - +0 cloak of Hedge Wizardry {rPois rN+}
rCorr   .                        n - +0 pair of gloves
Will    .....                    (no boots) Stlth
                                 m - amulet of faith
HPRegen 0.35/turn                i - +4 ring of protection
MPRegen 0.12/turn                a - +6 ring of dexterity

@: no status effects
A: no striking features
a: Renounce Religion, Heroism, Finesse


You were on level 10 of the Dungeon.
You worshipped Okawaru.
Okawaru was greatly pleased with you.
You visited 1 branch of the dungeon, and saw 12 of its levels.

You collected 630 gold pieces.

Inventory:

Hand Weapons
 z - a +4 war axe (weapon)
Missiles
 j - 12 poisoned darts (quivered)
Armour
 b - a +0 scale mail (worn)
 c - a +0 buckler (worn)
 n - a +0 pair of gloves (worn)
 u - the +0 cloak of Hedge Wizardry (worn) {rPois rN+}
   (You found it on level 6 of the Dungeon)

   rPois:     It protects you from poison.
   rN:        It protects you from negative energy.
Jewellery
 a - a +6 ring of dexterity (right hand)
 i - a +4 ring of protection (left hand)
 m - an amulet of faith (around neck)
 B - a +4 ring of protection
 C - a ring of wizardry
Wands
 r - a wand of flame (17)
 w - a wand of polymorph (12)
Scrolls
 f - 4 scrolls of teleportation
 p - 12 scrolls of identify {@r1}
 q - 2 scrolls of fear
 v - a scroll of blinking {unknown}
 x - a scroll of amnesia
 y - a scroll of enchant armour {unknown}
 D - a scroll of poison {unknown}
Potions
 d - 2 potions of might
 e - 3 potions of cancellation
 g - a potion of invisibility {unknown}
 h - 3 potions of curing
 k - 4 potions of lignification {unknown}
 l - a potion of heal wounds {unknown}
 o - 2 potions of flight {unknown}
 s - a potion of degeneration {unknown}
 t - a potion of haste {unknown}
 A - a potion of brilliance {unknown}


   Skills:
 + Level 9.2 Fighting
 * Level 11.5 Axes
 + Level 8.3 Armour
 + Level 8.3 Shields


You had 9 spell levels left.
You didn't know any spells.
Your spell library contained the following spells:

 Spells                   Type           Power      Damage    Failure   Level
 Slow                     Hex            0%         N/A       75%         1
 Sting                    Tmut/Pois      0%         1d3       75%         1
 Blink                    Tloc           0%         N/A       87%         2
 Lesser Beckoning         Tloc           0%         N/A       87%         2
 Momentum Strike          Conj/Tloc      0%         3d8       87%         2
 Poisonous Vapours        Pois/Air       0%         N/A       87%         2
 Confusing Touch          Hex            0%         N/A       98%         3
 Inner Flame              Hex/Fire       0%         N/A       98%         3
 Vampiric Draining        Necr           0%         2d6       98%         3
 Cause Fear               Hex            0%         N/A       100%        4
 Olgreb's Toxic Radiance  Pois           0%         N/A       100%        4
 Discord                  Hex            0%         N/A       100%        8


Dungeon Overview and Level Annotations

Branches:
Dungeon (12/15)            Temple (0/1) D:7             Orc (0/2) D:10
   Lair: D:8-11

Altars:
Gozag
Okawaru
Vehumet
Yredelemnul

Shops:
D:10 (

Annotations:
D:6 3 runed translucent doors, porpoise's ghost, novice OgFi
D:10 Snorg


Message History

Snorg rages.
You closely miss Snorg. Snorg bites you!! You block Snorg's attack.
Snorg claws you but does no damage. Snorg bites you but does no damage.
Snorg closely misses you. Snorg misses you.
You are too injured to fight recklessly!
You are too injured to fight recklessly!
You are too injured to fight recklessly!
You are too injured to fight recklessly!
You are too injured to fight recklessly!
You are too injured to fight recklessly!
You are too injured to fight recklessly!
You are too injured to fight recklessly!
You are too injured to fight recklessly!
You are too injured to fight recklessly!
You are too injured to fight recklessly!
You are too injured to fight recklessly!
You are too injured to fight recklessly!
You are too injured to fight recklessly!
You are too injured to fight recklessly!
You are too injured to fight recklessly!
You are too injured to fight recklessly!
You are too injured to fight recklessly!
You slash Snorg!
Snorg is lightly wounded.
You block Snorg's attack. Snorg claws you! You block Snorg's attack.
You slice Snorg!!
Snorg is lightly wounded.
Snorg closely misses you. Snorg claws you but does no damage. Snorg claws you!
Snorg barely misses you. Snorg closely misses you. Snorg claws you!
You hit Snorg.
Snorg is lightly wounded.
Snorg bites you!
* * * LOW HITPOINT WARNING * * *
You block Snorg's attack. Snorg completely misses you.
Snorg rages.
Snorg bites you but does no damage. You block Snorg's attack. x2
Snorg bites you!
* * * LOW HITPOINT WARNING * * *
You block Snorg's attack. Snorg claws you!
You die...

##.#
#####K#.WK.KK#
#W...###K.....
#)###.# #K.###
#K# #.# ..#
#K# .# ..T #.#
# ### #T# #@#
#.# # #
#.####.# .#
#....#.# ..#
####.#.#....
###....#
#.<....# ##
#.#....# .#
#.#.####


You could see Snorg (berserk), a shadow and 2 kobolds.

Vanquished Creatures
  A skeletal warrior (D:12)
  Joseph (D:8)
  2 trolls
  4 yaks (D:8)
  2 steam dragons (D:7)
  2 acid dragons
  3 sky beasts
  A black bear (D:4)
  An ogre (D:6)
  A centaur (D:6)
  2 phantoms
  A kobold brigand (D:10)
  Blork the orc (D:5)
  A bullfrog (D:6)
  A scorpion (D:7)
  4 wights (D:7)
  7 howler monkeys
  3 hounds
  4 orc priests
  3 iguanas
  A sleepcap (D:6)
  4 orc wizards
  10 adders
  A shadow imp (D:7)
  A white imp (D:7)
  4 worms
  6 dart slugs
  29 orcs
  9 ball pythons
  2 bats
  8 endoplasms
  2 giant cockroaches (D:1)
  6 goblins
  7 hobgoblins
  7 jackals
  14 kobolds
  5 quokkas
  2 frilled lizards (D:2)
  2 rats
165 creatures vanquished.

Vanquished Creatures (others)
  3 plants (D:2)
3 creatures vanquished.

Grand Total: 168 creatures vanquished

Notes
Turn   | Place    | Note
-------+----------+-------------------------------------------
     0 | D:1      | leviel the Hill Orc Fighter began the quest for the Orb.
     0 | D:1      | Reached XP level 1. HP: 19/19 MP: 1/1
    77 | D:1      | Reached XP level 2. HP: 23/27 MP: 2/2
   206 | D:1      | Reached skill level 3 in Axes
   641 | D:1      | Reached XP level 3. HP: 33/33 MP: 3/3
  1244 | D:2      | Reached XP level 4. HP: 36/40 MP: 4/4
  1923 | D:3      | Found a radiant altar of Vehumet.
  2028 | D:3      | Reached skill level 4 in Axes
  2028 | D:3      | Reached XP level 5. HP: 41/47 MP: 5/5
  2039 | D:3      | Found an iron altar of Okawaru.
  2176 | D:3      | Became a worshipper of Warmaster Okawaru
  2784 | D:4      | Noticed a phantom
  2803 | D:4      | Reached skill level 5 in Fighting
  2819 | D:4      | Killed a phantom
  2820 | D:4      | Reached XP level 6. HP: 24/56 MP: 6/6
  3042 | D:4      | Noticed a black bear
  3056 | D:4      | Killed a black bear
  3057 | D:4      | Reached skill level 5 in Axes
  3302 | D:5      | Entered Level 5 of the Dungeon
  3355 | D:5      | Noticed Blork the orc
  3372 | D:5      | Killed Blork the orc
  3373 | D:5      | Reached skill level 5 in Armour
  3373 | D:5      | Reached skill level 5 in Shields
  3373 | D:5      | Reached XP level 7. HP: 13/61 MP: 7/7
  3604 | D:5      | Reached * piety under Okawaru
  3808 | D:5      | Found a basalt altar of Yredelemnul.
  4053 | D:6      | Found a runed translucent gate.
  4053 | D:6      | Found a runed translucent gate.
  4054 | D:6      | Found a runed translucent gate.
  4054 | D:6      | Noticed porpoise's ghost (novice OgFi)
  4525 | D:6      | Identified the +0 cloak of Hedge Wizardry {rPois rN+}
  4664 | D:6      | Reached skill level 6 in Axes
  4851 | D:6      | Reached XP level 8. HP: 45/71 MP: 8/8
  5335 | D:7      | Reached ** piety under Okawaru
  5415 | D:7      | Reached skill level 7 in Axes
  5627 | D:7      | Reached skill level 8 in Axes
  5779 | D:7      | Reached XP level 9. HP: 73/79 MP: 9/9
  5916 | D:7      | Found a staircase to the Ecumenical Temple.
  7469 | D:8      | Reached skill level 9 in Axes
  7543 | D:8      | Found an opulent altar of Gozag.
  7561 | D:8      | Reached *** piety under Okawaru
  7842 | D:8      | Noticed Joseph
  7854 | D:8      | Killed Joseph
  7922 | D:8      | Reached skill level 10 in Axes
  7934 | D:8      | Reached **** piety under Okawaru
  8407 | D:9      | Noticed a troll
  8419 | D:9      | Killed a troll
  8420 | D:9      | Reached XP level 10. HP: 58/90 MP: 10/10
  8650 | D:9      | You fall into a shaft and drop 3 floors!
  8667 | D:12     | Noticed a skeletal warrior
  8688 | D:12     | HP: 3/90 [skeletal warrior/+0 dire flail (12)]
  8691 | D:12     | Killed a skeletal warrior
  8692 | D:12     | Reached skill level 11 in Axes
  8912 | D:12     | Noticed a skeletal warrior
  8912 | D:12     | Noticed a skeletal warrior
  8978 | D:10     | Entered Level 10 of the Dungeon
  9004 | D:10     | Found Uxolakh's Antique Weapon Emporium.
  9019 | D:10     | Found a staircase to the Orcish Mines.
  9070 | D:10     | Noticed Snorg
  9097 | D:10     | Slain by Snorg

Illustrated notes

Levels and vault maps discovered:
D:1:      amcnicky_arrival_feature_with_door, layout_basic, corner_web_ring
D:2:      cheibrodos_old_hovel, layout_loops_cross
D:3:      layout_loops_ring, vehumet_crystals, mainiacjoe_overflow_tiny_flanked
D:4:      layout_rooms, minmay_misc_feat_more_columns
D:5:      layout_rooms, lemuel_doored_altar, uniq_blork_the_orc
D:6:      layout_basic, gammafunk_ghost_split
D:7:      layout_layer_cave, minmay_temple_entry_drinking_statues
D:8:      layout_loops_ring, mainiacjoe_overflow_six_doors_small,
          minmay_strange_pillars, uniq_joseph
D:9:      layout_gridville, grunt_tough_drop, uniq_amaemon
D:10:     layout_loops_ring, mainiacjoe_overflow_swirl, erik_lair_dragon,
          orc_0_dummy, serial_shops, nicolae_shop_crystal, uniq_snorg
D:11:     kennysheep_blocky_hall, layout_basic, zin_angel
D:12:     cheibrodos_quadrivalence, layout_irregular_city, nzn_ghost_randoct,
          uniq_maurice

Skill      XL: |  1  2  3  4  5  6  7  8  9 10 |
---------------+-------------------------------+-----
Axes           | 3 4 5 6 8 10 11 | 11.5
Fighting       | 4 5 6 7 8 9 |  9.2
Shields        | 4 5 6 7 8 |  8.3
Armour         | 4 5 6 7 8 |  8.3

Action                     |  1- 3 |  4- 6 |  7- 9 | 10-12 || total
---------------------------+-------+-------+-------+-------++-------
  Melee: War axe           |    78 |   195 |   298 |    50 ||   621
  Throw: Dart              |       |       |     3 |       ||     3
 Invoke: Heroism           |       |       |     2 |     1 ||     3
    Use: Scroll            |       |     5 |     7 |       ||    12
         Potion            |       |       |       |     3 ||     3
 Armour: Scale mail        |    43 |   101 |   127 |    16 ||   287
  Dodge: Dodged            |    31 |    82 |   103 |    16 ||   232
  Block: Buckler           |    10 |    39 |    72 |    18 ||   139

Table legend: (Time is in decaauts)
 A = Elapsed time spent in this place.
 B = Non-inter-level travel time spent in this place.
 C = Inter-level travel time spent in this place.
 D = Time resting spent in this place.
 E = Time spent auto-exploring this place.
 F = Levels seen in this place.
 G = Mean time per level.
                   A        B        C        D        E       F      G
               +--------+--------+--------+--------+--------+-----+--------+
         Total |   9230 |   8988 |    242 |   1833 |   5756 |  12 |  769.2 |
       Dungeon |   9230 |   8988 |    242 |   1833 |   5756 |  12 |  769.2 |
               +--------+--------+--------+--------+--------+-----+--------+

Top non-repeatable levels by time:
     D:7: 2145 daAuts
     D:6: 1272 daAuts
     D:1: 992 daAuts
     D:3: 900 daAuts
     D:8: 813 daAuts
     D:2: 805 daAuts
     D:5: 766 daAuts
     D:4: 692 daAuts
     D:9: 399 daAuts
    D:12: 268 daAuts
    D:10: 118 daAuts
    D:11: 56 daAuts
